 Dungeon Crawl Stone Soup version 0.15.1-3-g1b33baa (webtiles) character file.

6503 kapitany the Hoplite (level 10, -5/88 HPs)
             Began as a Minotaur Fighter on Oct 12, 2014.
             Was an Elder of Dithmenos.
             Slain by a manticore (6 damage)
             ... on Level 12 of the Dungeon.
             The game lasted 01:39:35 (12227 turns).

kapitany the Hoplite (Minotaur Fighter)            Turns: 12227, Time: 01:39:35

HP  -5/88        AC 17     Str 25      XL: 10   Next: 69%
MP   7/7         EV 13     Int  9      God: Dithmenos [****..]
Gold 164         SH 12     Dex 14      Spells:  0 memorised,  9 levels left

rFire  + + .     SeeInvis .     a - +4 long sword
rCold  x . .     Clarity  +     b - +5 chain mail {rF+}
rNeg   . . .     rCorr    .     c - +0 shield
rPois  .         rRot     .     (helmet restricted)
rElec  .         Spirit   .     (no cloak)
SustAb .         Warding  .     m - +0 pair of gloves
rMut   .         Stasis   .     (no boots)
Gourm  +                        v - amulet of the gourmand
MR     .....                    u - ring of fire
                                f - cursed +4 ring of intelligence

@: agile, manticore barbs, wreathed by umbra, not resistant to hostile
enchantments, extremely unstealthy
A: retaliatory headbutt, horns 2, clarity
a: Shadow Step, Renounce Religion


You were on level 12 of the Dungeon.
You worshipped Dithmenos.
Dithmenos was greatly pleased with you.
You were not hungry.

You visited 2 branches of the dungeon, and saw 11 of its levels.

You collected 371 gold pieces.
You spent 207 gold pieces at shops.

Inventory:

Hand weapons
 a - a +4 long sword (weapon)
Missiles
 o - 11 poisoned needles (quivered)
Armour
 b - a +5 chain mail of fire resistance (worn)
 c - a +0 shield (worn)
 m - a +0 pair of gloves (worn)
 r - a +0 scale mail
 w - a +0 plate armour
 F - a +0 helmet
Magical devices
 i - a wand of paralysis (3)
 p - a wand of fireball (1)
 x - a wand of digging (6)
 z - a wand of polymorph (9)
 B - a wand of paralysis (3)
 E - a wand of polymorph (10)
 H - a wand of cold (0)
Comestibles
 h - 3 rotting chunks of wyvern flesh
 j - 2 slices of pizza
 l - 3 beef jerkies
 t - 4 meat rations
Scrolls
 s - 4 scrolls of remove curse
 y - 2 scrolls of acquirement
 D - 3 scrolls of identify
 G - a scroll of magic mapping
Jewellery
 e - an uncursed amulet of resist corrosion
 f - a cursed +4 ring of intelligence (left hand)
 u - a ring of fire (right hand)
 v - an amulet of the gourmand (around neck)
Potions
 d - a potion of cure mutation
 g - 3 potions of curing
 k - 2 potions of agility
 n - 2 potions of lignification {unknown}
 q - a potion of magic
 A - 3 potions of might


   Skills:
 + Level 8.3 Fighting
 + Level 8.0 Long Blades
 + Level 9.4 Armour
 + Level 8.1 Dodging
 + Level 2.8 Stealth
 + Level 10.2 Shields
 + Level 1.8 Evocations


You had 9 spell levels left.
You didn't know any spells.

Dungeon Overview and Level Annotations

Branches:
Dungeon (12/15)            Temple (1/1) D:4
    Orc: D:9-12        Lair: D:8-11

Altars:
Ashenzari
Cheibriados
Dithmenos
Elyvilon
Fedhas
Kikubaaqudgha
Makhleb
Nemelex Xobeh
Okawaru
Qazlal
Sif Muna
Trog
Vehumet
Xom
Yredelemnul
Zin
The Shining One

Shops:
D:4 (   D:5 ?


Innate Abilities, Weirdness & Mutations

You reflexively headbutt those who attack you in melee.
You have a pair of horns on your head.
You possess an exceptional clarity of mind.


Message History

* * * LOW HITPOINT WARNING * * *
The barbed spikes dig painfully into your body as you move.
* * * LOW HITPOINT WARNING * * *
The barbed spikes dig painfully into your body as you move.
* * * LOW HITPOINT WARNING * * *
You block the yak's attack.
Your shield and chain mail prevent you from hitting the manticore.
You headbutt the manticore!
The manticore is lightly wounded.
You block the yak's attack. The yak closely misses you.
You furiously retaliate!
You headbutt the yak!
The manticore bites you but does no damage.
You block the manticore's attack.
The manticore claws you but does no damage.
The barbed spikes dig painfully into your body as you move.
* * * LOW HITPOINT WARNING * * *
The manticore bites you.
* * * LOW HITPOINT WARNING * * *
The manticore claws you.
You die...

#o# #...#
#+ #.#
#.### #o#
#.#
#Y###+####
#.#
#.Y.......
..+
#[........
#..o.......
#YYH.#####
#.@..#
####.# .#
.#


You could see a manticore, 4 yaks and 3 orcs.

Vanquished Creatures
  Nessos (D:12)
  Pikel (D:7)
  A wyvern (D:9)
  A deep elf mage (D:9)
  3 yaks (D:9)
  2 black bears
  A slave (D:7)
  An ice beast (D:9)
  4 orc warriors
  2 manticore zombies
  3 ogres
  4 phantoms
  3 centaurs
  5 giant frogs
  2 big kobolds
  A cyclops skeleton (D:9)
  6 killer bees (D:7)
  10 wights
  A hippogriff zombie (D:7)
  An eye of draining (D:7)
  3 goliath beetles
  An elf zombie (D:8)
  4 crimson imps
  4 hounds
  A basilisk zombie (D:9)
  7 orc wizards
  5 iguanas
  A giant frog skeleton (D:9)
  5 orc priests
  10 worker ants
  Natasha (D:6)
  An ogre skeleton (D:6)
  A mummy (D:9)
  11 gnolls
  16 adders
  2 scorpion zombies
  A giant mite (D:6)
  2 worms
  A gnoll zombie (D:5)
  7 giant geckos
  2 oozes
  33 orcs
  15 bats
  8 giant cockroaches
  17 goblins
  25 hobgoblins
  17 jackals
  21 kobolds
  6 quokkas
  2 ball pythons (D:3)
  A giant cockroach zombie (D:6)
  A giant gecko skeleton (D:9)
  6 giant newts
  2 goblin skeletons
  A jackal skeleton (D:4)
  A kobold zombie (D:6)
  An orc zombie (D:8)
  10 rats
  A rat skeleton (D:5)
  2 ballistomycetes (D:8)
  A bush (D:4)
310 creatures vanquished.

Vanquished Creatures (others)
  A giant spore (D:8)
  A rat (D:7)
2 creatures vanquished.

Grand Total: 312 creatures vanquished

Notes
Turn   | Place    | Note
--------------------------------------------------------------
     0 | D:1      | kapitany, the Minotaur Fighter, began the quest for the Orb.
     0 | D:1      | Reached XP level 1. HP: 19/19 MP: 1/1
   248 | D:1      | Reached skill level 4 in Armour
   364 | D:1      | Reached XP level 2. HP: 27/27 MP: 1/1
   859 | D:1      | Reached XP level 3. HP: 25/33 MP: 2/2
  1399 | D:2      | Reached XP level 4. HP: 37/40 MP: 2/2
  1521 | D:2      | Reached skill level 1 in Dodging
  1523 | D:2      | Reached skill level 5 in Armour
  1852 | D:2      | Reached XP level 5. HP: 44/46 MP: 2/2
  3176 | D:4      | Found a staircase to the Ecumenical Temple.
  3185 | Temple   | Entered the Ecumenical Temple
  3358 | Temple   | Became a worshipper of Dithmenos the Shadowed
  3406 | D:4      | Reached XP level 6. HP: 40/53 MP: 3/3
  3732 | D:4      | Found a shattered altar of Ashenzari.
  3737 | D:4      | Saw a vision of the Shoals and the Snake Pit.
  3737 | D:4      | Noticed a naga
  3737 | D:4      | Noticed a water moccasin
  3737 | D:4      | Noticed an anaconda
  3737 | D:4      | Noticed a naga
  3737 | D:4      | Noticed a merfolk
  3737 | D:4      | Noticed a black mamba
  3737 | D:4      | Noticed a merfolk
  3737 | D:4      | Noticed a black mamba
  3737 | D:4      | Noticed a sea snake
  3737 | D:4      | Noticed a water moccasin
  3739 | D:4      | Noticed a merfolk
  3739 | D:4      | Noticed a naga ritualist
  3751 | D:4      | Found Paofyrha's Antique Weapon Boutique.
  3862 | D:4      | Reached skill level 5 in Shields
  4050 | D:4      | Noticed a phantom
  4063 | D:4      | Killed a phantom
  4481 | D:5      | Entered Level 5 of the Dungeon
  4505 | D:5      | Reached skill level 6 in Armour
  4703 | D:5      | Reached XP level 7. HP: 52/60 MP: 3/3
  5285 | D:5      | Reached skill level 1 in Evocations
  5310 | D:5      | Found Prowac's Magic Scroll Shoppe.
  5315 | D:5      | Bought a scroll of enchant armour for 97 gold pieces
  5838 | D:6      | Reached XP level 8. HP: 59/67 MP: 4/4
  5921 | D:6      | Acquired Dithmenos' first power
  5921 | D:6      | Reached skill level 5 in Fighting
  5926 | D:6      | Reached skill level 7 in Shields
  5971 | D:6      | Reached skill level 5 in Long Blades
  6036 | D:6      | Reached skill level 5 in Dodging
  6089 | D:6      | Noticed Natasha
  6102 | D:6      | Killed Natasha
  6211 | D:5      | Bought a scroll of enchant weapon for 97 gold pieces
  6211 | D:5      | Bought a scroll of random uselessness for 13 gold pieces
  6748 | D:6      | HP: 3/69 [goliath beetle (12)]
  7330 | D:7      | Reached skill level 8 in Shields
  7371 | D:7      | Noticed Pikel
  7388 | D:7      | Reached XP level 9. HP: 28/75 MP: 5/5
  7663 | D:7      | Reached skill level 1 in Stealth
  7667 | D:7      | Acquired Dithmenos' second power
  7836 | D:7      | Killed Pikel
  8133 | D:7      | Reached skill level 9 in Shields
  9109 | D:8      | Identified a scroll of acquirement
 10057 | D:8      | Reached XP level 10. HP: 86/86 MP: 6/6
 10312 | D:8      | Acquired Dithmenos' third power
 10721 | D:9      | HP: 4/86 [yak (11)]
 11128 | D:9      | Was placed under penance by Dithmenos
 11453 | D:9      | Was forgiven by Dithmenos
 12100 | D:9      | You fall through a shaft!
 12100 | D:12     | Noticed Nessos
 12113 | D:12     | Killed Nessos
 12113 | D:12     | Reached skill level 10 in Shields
 12177 | D:12     | Gained mutation: You possess an exceptional clarity of mind. [potion of beneficial mutation]
 12220 | D:12     | Noticed a manticore
 12227 | D:12     | HP: 1/88 [manticore (4)]
 12227 | D:12     | Slain by a manticore

Action                   |  1- 3 |  4- 6 |  7- 9 | 10-12 || total
-------------------------+-------+-------+-------+-------++-------
Melee: Long sword        |   102 |   282 |   536 |   205 ||  1125
Evoke: Wand              |       |     2 |    19 |    11 ||    32
  Use: Potion            |       |     6 |     5 |     2 ||    13
       Scroll            |       |    10 |    13 |     3 ||    26
 Stab: Paralysed         |       |       |     5 |     9 ||    14
  Eat: Beef jerky        |     1 |       |       |       ||     1
       Bread ration      |       |     3 |       |     1 ||     4
       Pizza             |       |       |     1 |       ||     1
       Meat ration       |       |       |     3 |       ||     3
       Chunk             |       |       |     1 |     2 ||     3
